[Event "Arad PAB Romania Open 2012"]
[Site "?"]
[Date "2012.07.27"]
[Round "1.12"]
[White "Itkis, Boris"]
[Black "Badelita, Beniamin"]
[Result "1-0"]
[ECO "D15"]
[WhiteElo "2437"]
[BlackElo "1881"]
[PlyCount "45"]
[EventDate "2012.07.31"]
[TimeControl "5400"]

1. d4 c6 2. c4 d5 3. Nf3 Nf6 4. Nc3 a6 5. a4 g6 6. g3 Bg7 7. Bg2 O-O 8. O-O
Nbd7 9. Qb3 e6 10. a5 Re8 11. Rd1 b6 12. axb6 Nxb6 13. Ne5 Qc7 14. Bf4 Qb7 15.
Na4 Nxa4 16. Qxb7 Bxb7 17. Rxa4 Re7 18. Rb4 Nh5 19. Be3 c5 20. Rb6 Rc8 21. cxd5
exd5 22. f4 f6 23. Rxb7 1-0